 Dungeon Sprint DCSS version 0.16.1-4-g8e1b745 (webtiles) character file.

283 ImaNewbie the Skirmisher (level 6, -1/55 HPs)
             Began as a Demonspawn Chaos Knight on Mar 27, 2015.
             Slain by Sonja
             ... wielding a +0 dagger of distortion
              (3 damage)
             ... in the Dungeon (Sprint I: "Red Sonja") on Mar 28, 2015.
             The game lasted 00:05:36 (443 turns).

ImaNewbie the Skirmisher (Demonspawn Chaos Knight)   Turns: 443, Time: 00:05:37

Health: -1/55      AC:  0    Str: 12    XL:     6   Next: 7%
Magic:  0/6        EV: 15    Int: 13    God:    Xom [*.....]
Gold:   324        SH:  0    Dex: 15    Spells: 0 memorised, 5 levels left

rFire  . . .     SeeInvis .       - Unarmed
rCold  . . .     Clarity  .     g - -2 robe (curse)
rNeg   . . .     SustAb   .     (no shield)
rPois  .         Gourm    .     (no helmet)
rElec  .         Spirit   +     (no cloak)
rCorr  .         Warding  .     (no gloves)
rMut   .         NoTele   +     (no boots)
MR     .....                    (no amulet)
Stlth  +.........               (no ring)
                                (no ring)

@: lethally poisoned (-1 -> -20), short of breath, slowed, very slow, not
resistant to hostile enchantments, very unstealthy
A: talons 2, magic shield
a: Renounce Religion


You were in the Dungeon.
You worshipped Xom.
You were a special plaything of Xom.
You were not hungry.

You visited 1 branch You collected 324 gold pieces.

Inventory:

Armour
 b - a +2 leather armour
 g - a cursed -2 robe (worn)
Magical devices
 e - a wand of magic darts (16)
Scrolls
 h - a scroll of blinking
Potions
 d - a potion of heal wounds
 f - 2 potions of magic
Comestibles
 a - a bread ration


   Skills:
 + Level 7.0 Fighting
 + Level 5.9 Armour
 + Level 5.8 Dodging
 + Level 6.4 Unarmed Combat


You had 5 spell levels left.
You didn't know any spells.

Dungeon Overview and Level Annotations

Branches:
Dungeon (1/1)

Altars:
Elyvilon
Gozag
Kikubaaqudgha
Makhleb
Nemelex Xobeh
Okawaru
Qazlal
Ru
Sif Muna
Trog
Vehumet
Xom
Yredelemnul
Zin
The Shining One

Shops:
D ![

Annotations:
D Sonja


Innate Abilities, Weirdness & Mutations

You have razor-sharp toenails.
When hurt, damage is shared between your health and your magic reserves.


Message History

* * * LOW HITPOINT WARNING * * *
You feel very sick. Sonja closely misses your butterfly.
Sonja hits your butterfly but does no damage.
Your butterfly looks slightly unstable.
Sonja misses your butterfly.
Sonja gestures wildly while chanting.
Sonja blinks!
Unknown command.
You completely miss Sonja. Your kick misses Sonja.
* * * LOW HITPOINT WARNING * * *
You feel sick. Sonja barely misses you.
Sonja hits you with an uncursed dagger of distortion.
* * * LOW HITPOINT WARNING * * *
You feel a strange sense of stasis.
Sonja hits you with an uncursed dagger of distortion.
* * * LOW HITPOINT WARNING * * *
Space bends around you.
You die...
Xom roars with laughter!

#..#####'#####'#
#..####..#...#?#
#..#__####..##[#
#..#_..__##'#..+
#⌠⌠#_.∩...b.(._#
####_..._##_.#+#
#_____###(#
###########(##
∩.......@K.b$+
##++++####(§$#
##.## #+#


You could see Sonja.

Vanquished Creatures
  A yak (D)
  An ogre (D)
  Sigmund (D)
  A jelly (D)
  Ijyb (D)
5 creatures vanquished.

Vanquished Creatures (others)
  A gargoyle (D)
  An ufetubus (D)
  4 butterflies (D)
6 creatures vanquished.

Grand Total: 11 creatures vanquished

Notes
Turn   | Place    | Note
--------------------------------------------------------------
     0 | D        | ImaNewbie, the Demonspawn Chaos Knight, began the quest for the Orb.
     0 | D        | Reached XP level 1. HP: 18/18 MP: 1/1
     1 | D        | Noticed Ijyb
    13 | D        | Killed Ijyb
    13 | D        | Gained mutation: You have sharp toenails. [demonic ancestry]
    13 | D        | Reached XP level 2. HP: 13/25 MP: 2/2
   194 | D        | Noticed an ogre
   195 | D        | XOM: harmless Ice miscast
   197 | D        | XOM: potion effect (berserk rage)
   200 | D        | Killed an ogre
   200 | D        | Reached skill level 5 in Fighting
   200 | D        | Reached XP level 3. HP: 33/33 MP: 3/3
   200 | D        | Reached XP level 4. HP: 39/39 MP: 4/4
   258 | D        | Noticed Sigmund
   261 | D        | XOM: enchant monster (good)
   267 | D        | Killed Sigmund
   267 | D        | Reached skill level 6 in Fighting
   267 | D        | Reached skill level 5 in Armour
   267 | D        | Reached skill level 5 in Unarmed Combat
   267 | D        | Gained mutation: You have razor-sharp toenails. [demonic ancestry]
   267 | D        | Reached XP level 5. HP: 43/46 MP: 5/5
   292 | D        | Found a deep blue altar of Sif Muna.
   293 | D        | Noticed a jelly
   294 | D        | Found a radiant altar of Vehumet.
   298 | D        | Killed a jelly
   298 | D        | Reached skill level 5 in Dodging
   303 | D        | Found Reaxt's Armour Emporium.
   303 | D        | Found a white marble altar of Elyvilon.
   303 | D        | Found a stormy altar of Qazlal.
   303 | D        | Found a burning altar of Makhleb.
   303 | D        | Found a sacrificial altar of Ru.
   303 | D        | Found a basalt altar of Yredelemnul.
   303 | D        | Found a glowing golden altar of the Shining One.
   303 | D        | Found a sparkling altar of Nemelex Xobeh.
   303 | D        | Found a shimmering altar of Xom.
   303 | D        | Found an opulent altar of Gozag.
   303 | D        | Found an ancient bone altar of Kikubaaqudgha.
   303 | D        | Found a glowing silver altar of Zin.
   303 | D        | Noticed a yak
   304 | D        | Found an iron altar of Okawaru.
   305 | D        | XOM: summons 5 friendly demons
   318 | D        | Killed a yak
   318 | D        | Reached skill level 7 in Fighting
   318 | D        | Gained mutation: When hurt, damage is shared between your health and your magic reserves. [demonic ancestry]
   318 | D        | Reached XP level 6. HP: 35/55 MP: 6/6
   319 | D        | Found a bloodstained altar of Trog.
   419 | D        | Killed a gargoyle
   430 | D        | Noticed Sonja
   432 | D        | XOM: butterfly on damage
   441 | D        | Found Amoteoqe's Distillery.
   443 | D        | HP: 2/55 [Sonja/uncursed dagger of distortion (2)]
   443 | D        | Slain by Sonja

Action                   |  1- 3 |  4- 6 || total
-------------------------+-------+-------++-------
Melee: Unarmed           |    15 |    16 ||    31
  Use: Potion            |     1 |     4 ||     5
 Stab: Paralysed         |       |     6 ||     6
       Sleeping          |       |     1 ||     1
